2004 views
Uploaded 2024-05-23 16:37:31
Game version 1.36 (6115)
15:34 long 1on1 custom game on (2)EchoIsles
Game name "123stg"
Saved by VladStg
2004 views
Uploaded 2024-05-23 16:37:31
Game version 1.36 (6115)
15:34 long 1on1 custom game on (2)EchoIsles
Game name "123stg"

26 units @ 3.1k
/ 0.2k
23 buildings @ 2.5k
/ 1.2k


| Lesser Clarity Potion | 2 | 140 |
| Scroll of Regeneration | 1 | 100 |
| total: | 3 | 240g |
| Peasant | 10 | 750 | / | 0 |
| Footman | 7 | 945 | / | 0 |
| Sorceress | 4 | 620 | / | 80 |
| Priest | 3 | 405 | / | 30 |
| Spell Breaker | 1 | 215 | / | 30 |
| Rifleman | 1 | 205 | / | 30 |
| total: | 26 | 3140g | / | 170w |
| Scout Tower | 8 | 240 | / | 160 |
| Arcane Tower | 2 | 140 | / | 100 |
| Guard Tower | 4 | 280 | / | 200 |
| Altar of Kings | 1 | 180 | / | 50 |
| Farm | 6 | 480 | / | 120 |
| Barracks | 1 | 160 | / | 60 |
| Arcane Vault | 1 | 130 | / | 30 |
| Lumber Mill | 1 | 120 | / | 0 |
| Town Hall | 2 | 770 | / | 410 |
| Blacksmith | 1 | 140 | / | 60 |
| Arcane Sanctum | 2 | 300 | / | 280 |
| Keep | 1 | 320 | / | 210 |
| total: | 23 | 2520g | / | 1170w |
| 0:02 | Peasant |
| 0:02 | Peasant |
| 0:08 | Altar of Kings |
| 0:20 | Farm |
| 0:23 | Peasant |
| 0:38 | Barracks |
| 0:41 | Peasant |
| 0:49 | Farm |
| 1:01 | Peasant |
| 1:19 | Peasant |
| 1:27 | Farm |
| 1:39 | Footman |
| 1:43 | Scout Tower |
| 1:46 | Peasant |
| 1:58 | Footman |
| 2:04 | Peasant |
| 2:14 | Arcane Tower |
| 2:16 | Peasant |
| 2:35 | Summon Water Elemental |
| 3:01 | Footman |
| 3:14 | Arcane Vault |
| 3:35 | Footman |
| 3:43 | Peasant |
| 3:47 | Lumber Mill |
| 4:24 | Brilliance Aura |
| 4:26 | Scout Tower |
| 4:28 | Town Hall |
| 4:38 | Scout Tower |
| 4:39 | Scout Tower |
| 4:47 | Footman |
| 4:50 | Guard Tower |
| 5:00 | Scout Tower |
| 5:11 | Arcane Tower |
| 5:22 | Guard Tower |
| 5:34 | Keep |
| 5:37 | Footman |
| 5:51 | Improved Lumber Harvesting |
| 6:14 | Lesser Clarity Potion |
| 6:14 | Scroll of Regeneration |
| 6:29 | Footman |
| 6:37 | Farm |
| 7:27 | Defend |
| 8:05 | Arcane Sanctum |
| 8:08 | Arcane Sanctum |
| 8:58 | Blacksmith |
| 9:17 | Lesser Clarity Potion |
| 9:21 | Storm Bolt |
| 9:29 | Sorceress |
| 9:29 | Priest |
| 9:42 | Farm |
| 10:08 | Farm |
| 10:33 | Priest |
| 10:33 | Priest |
| 10:48 | Priest Adept Training |
| 10:49 | Spell Breaker |
| 11:23 | Sorceress |
| 12:01 | Town Hall |
| 12:03 | Scout Tower |
| 12:04 | Scout Tower |
| 12:38 | Guard Tower |
| 12:39 | Scout Tower |
| 13:25 | Guard Tower |
| 13:38 | Sorceress |
| 15:04 | Sorceress |
| 15:05 | Rifleman |
| 15:06 | Long Rifles |
| Right click | 1277 |
| Select | 337 |
| Select group | 295 |
| Build/train/purchase | 85 |
| Use ability | 75 |
| Assign group | 32 |
| Chat | 5 |
26 units @ 4.3k
/ 0.4k
11 buildings @ 1.7k
/ 0.7k


| Healing Salve | 3 | 300 |
| Lesser Clarity Potion | 2 | 140 |
| total: | 5 | 440g |
| Peon | 7 | 525 | / | 0 |
| Grunt | 9 | 1800 | / | 0 |
| Raider | 8 | 1440 | / | 320 |
| Wind Rider | 2 | 530 | / | 80 |
| total: | 26 | 4295g | / | 400w |
| Altar of Storms | 1 | 180 | / | 50 |
| Orc Burrow | 6 | 960 | / | 240 |
| Barracks | 1 | 180 | / | 50 |
| Voodoo Lounge | 1 | 130 | / | 30 |
| Beastiary | 2 | 290 | / | 280 |
| Stronghold | 1 | 315 | / | 190 |
| Fortress | 1 | 325 | / | 190 |
| total: | 11 | 1740g | / | 650w |
| 0:01 | Peon |
| 0:01 | Peon |
| 0:03 | Altar of Storms |
| 0:17 | Orc Burrow |
| 0:20 | Peon |
| 0:34 | Barracks |
| 0:42 | Peon |
| 1:00 | Peon |
| 1:21 | Peon |
| 1:25 | Orc Burrow |
| 1:35 | Peon |
| 1:43 | Grunt |
| 1:58 | Voodoo Lounge |
| 2:08 | Feral Spirit |
| 3:25 | Stronghold |
| 3:26 | Grunt |
| 3:35 | Orc Burrow |
| 3:44 | Healing Salve |
| 3:51 | Healing Salve |
| 4:00 | Grunt |
| 5:27 | Chain Lighting |
| 5:45 | Grunt |
| 6:20 | Beastiary |
| 6:22 | Beastiary |
| 6:26 | Orc Burrow |
| 6:29 | Berserker Strength |
| 6:29 | Grunt |
| 6:29 | Grunt |
| 6:34 | Lesser Clarity Potion |
| 6:38 | Healing Salve |
| 7:13 | Endurance Aura |
| 7:14 | Lesser Clarity Potion |
| 8:46 | Ensnare |
| 8:46 | Raider |
| 8:46 | Raider |
| 8:50 | Grunt |
| 8:56 | Feral Spirit |
| 9:29 | Fortress |
| 11:06 | Orc Burrow |
| 11:08 | Orc Burrow |
| 12:16 | War Stomp |
| 12:52 | Wind Rider |
| 12:52 | Wind Rider |
| 12:54 | Raider |
| 12:54 | Raider |
| 13:46 | Chain Lighting |
| 14:48 | War Stomp |
| 15:03 | Grunt |
| 15:04 | Grunt |
| 15:06 | Raider |
| 15:06 | Raider |
| 15:07 | Raider |
| 15:07 | Raider |
| Right click | 1403 |
| Select group | 416 |
| Select | 343 |
| Misc. action | 168 |
| Build/train/purchase | 64 |
| Assign group | 45 |
| Use ability | 17 |
| Remove unit | 3 |